Map: King's Cove LE

Players

Pororoca

  • Race: Zerg Zerg
  • League: Grandmaster
  • Spawn Location: 5:00

Lambo - Winner!

  • Race: Zerg Zerg
  • League: Grandmaster
  • Spawn Location: 11:00

VOD

Have the link to the VOD?

Description

Time

  • Played on: Feb. 2, 2019, 7:28 a.m.
  • Length: 22:10
Show
View Real Time Build Order
Export as new Build Order

Pororoca Zerg 

Build Orders: Hatch First, Lurkers 

Get SALT Encoding   

  12  0:01  Drone  
  13  0:13  Overlord  
  13  0:18  Drone  
  14  0:31  Drone x2  
  16  0:49  Hatchery  
  15  0:52  Drone  
  15  0:56  Drone  
  17  1:00  Drone  
  18  1:10  Extractor  
  17  1:15  Spawning Pool  
  16  1:18  Drone  
  16  1:22  Drone  
  18  1:29  Drone  
  19  1:39  Drone  
  20  1:50  Drone  
  21  2:02  Queen x2  
  21  2:03  Zergling x2  
  21  2:04  Overlord  
  26  2:11  Metabolic Boost  
  26  2:13  Drone  
  27  2:16  Drone  
  28  2:23  Drone  
  29  2:32  Zergling x2  
  29  2:34  Zergling x2  
  31  2:40  Hatchery  
  31  2:44  Overlord  
  30  2:52  Baneling Nest  
  30  2:57  Drone x3  
  32  3:01  Drone  
  32  3:05  Drone  
  34  3:08  Drone  
  34  3:11  Drone x2  
  37  3:24  Overlord  
  37  3:25  Drone x2  
  37  3:26  Drone  
  40  3:29  Drone x2  
  40  3:33  Drone  
  43  3:39  Drone  
  44  3:43  Queen  
  44  3:47  Overlord  
  44  3:48  Drone x3  
  49  3:56  Extractor  
  49  3:57  Drone x2, Extractor  
  49  3:58  Drone  
  49  4:00  Evolution Chamber  
  48  4:04  Drone x2  
  48  4:09  Overlord  
  51  4:10  Drone  
  51  4:12  Overlord  
  51  4:14  Drone  
  52  4:17  Drone  
  53  4:24  Drone x3  
  56  4:31  Zerg Missile Weapons Level 1  
  56  4:33  Lair  
  56  4:37  Drone  
  56  4:38  Drone  
  58  4:39  Zergling x6  
  58  4:40  Roach Warren, Drone  
  58  4:41  Drone  
  58  4:43  Drone  
  63  4:48  Drone  
  63  4:53  Overlord  
  63  4:54  Drone x2  
  65  5:05  Drone x6  
  65  5:06  Drone x4  
  75  5:09  Pneumatized Carapace  
  75  5:10  Overlord  
  75  5:15  Extractor, Drone  
  75  5:16  Extractor  
  75  5:18  Extractor  
  73  5:21  Overlord  
  73  5:24  Drone  
  73  5:25  Drone  
  73  5:27  Evolution Chamber  
  74  5:32  Drone x5  
  78  5:40  Hatchery  
  78  5:41  Hydralisk Den  
  76  5:43  Glial Reconstitution  
  76  5:44  Overseer  
  76  5:47  Overlord  
  76  5:53  Overlord  
  76  5:54  Zerg Ground Armor Level 1  
  76  5:59  Roach  
  76  6:00  Roach x7  
  92  6:07  Baneling  
  92  6:08  Roach  
  92  6:09  Roach x4  
  102  6:13  Drone x2  
  102  6:14  Drone x2  
  102  6:17  Lurker Den  
  105  6:23  Drone x2  
  107  6:28  Overlord  
  107  6:32  Overlord  
  107  6:34  Roach x7  
  107  6:39  Zerg Missile Weapons Level 2  
  121  6:48  Roach  
  121  6:52  Overlord, Queen  
  125  6:57  Drone  
  125  6:58  Hydralisk x4  
  125  6:59  Hydralisk  
  136  7:02  Extractor, Overlord  
  136  7:05  Extractor  
  134  7:10  Roach x6  
  134  7:14  Ravager x2  
  134  7:15  Ravager  
  149  7:21  Overlord  
  149  7:22  Roach x5  
  156  7:46  Lurker  
  156  7:47  Lurker x3  
  160  7:57  Lurker  
  161  8:01  Drone  
  161  8:02  Drone  
  163  8:09  Nydus Network  
  163  8:12  Overlord  
  152  8:21  Overlord  
  152  8:23  Spore Crawler  
  152  8:24  Drone x2  
  152  8:25  Overlord, Spore Crawler  
  152  8:27  Roach x4  
  152  8:29  Overlord x3  
  152  8:30  Overlord x2  
  157  8:36  Overseer  
  157  8:37  Overseer  
  154  8:53  Roach x2  
  154  8:54  Roach x10  
  169  8:58  Drone  
  169  9:02  Drone  
  165  9:06  Drone x3  
  165  9:07  Drone  
  168  9:10  Drone, Queen  
  168  9:11  Drone  
  133  9:24  Roach x3  
  133  9:25  Roach  
  133  9:28  Drone x3  
  133  9:31  Nydus Network  
  128  9:37  Overseer  
  128  9:38  Hydralisk x6  
  129  9:41  Drone, Queen  
  144  9:52  Drone x4  
  147  10:02  Drone x4  
  147  10:06  Infestation Pit, Lurker x5  
  147  10:07  Lurker  
  156  10:13  Roach  
  156  10:14  Roach x3  
  164  10:17  Spine Crawler  
  163  10:26  Roach x6  
  175  10:28  Nydus Canal  
  175  10:49  Drone x13  
  186  10:50  Hive  
  186  10:51  Zerg Ground Armor Level 2  
  186  11:04  Overlord  
  186  11:06  Hatchery, Roach x5  
  195  11:18  Hydralisk x2  
  197  11:22  Nydus Canal  
  185  11:56  Hydralisk x7  
  199  12:14  Nydus Canal  
  199  12:19  Muscular Augments  
  197  12:31  Nydus Canal  
  194  12:54  Hydralisk  
  194  12:55  Hydralisk x2  
  197  13:09  Nydus Canal  
  197  13:18  Adaptive Talons  
  197  13:31  Grooved Spines  
  197  13:33  Overseer  
  197  13:37  Hydralisk  
  193  13:49  Hatchery, Hydralisk  
  193  13:50  Hydralisk x3  
  196  14:03  Overlord  
  196  14:09  Viper x3  
  179  14:18  Hydralisk x10  
  173  14:29  Nydus Canal  
  165  14:32  Hydralisk x11  
  185  14:39  Burrow, Zerg Missile Weapons Level 3  
  185  14:40  Zerg Ground Armor Level 3  
  185  14:42  Lurker x4  
  185  14:43  Lurker x5  
  192  14:51  Roach  
  192  14:52  Roach x3  
  200  14:54  Hatchery  
  200  14:59  Extractor  
  198  15:01  Extractor  
  198  15:03  Nydus Canal  
  197  15:08  Overseer x4  
  163  15:44  Hydralisk x17  
  197  15:52  Nydus Canal  
  197  15:54  Lurker  
  198  15:58  Spine Crawler  
  198  16:00  Spine Crawler x2  
  195  16:10  Overlord  
  193  16:18  Overseer  
  193  16:30  Overlord  
  193  16:38  Nydus Canal  
  177  16:47  Extractor  
  177  16:49  Roach x6  
  177  16:50  Extractor, Roach x6  
  197  16:57  Drone x2  
  197  16:59  Drone  
  200  17:03  Overseer  
  198  17:12  Lurker x3  
  168  17:24  Hydralisk x8  
  168  17:25  Hydralisk x5  
  188  17:30  Nydus Canal  
  183  17:38  Viper  
  183  17:39  Viper x2  
  183  17:42  Drone x6  
  183  17:43  Queen  
  195  17:47  Drone x2  
  195  17:50  Drone  
  197  17:53  Nydus Canal  
  197  17:58  Drone  
  197  18:05  Overlord x2  
  198  18:07  Overlord  
  198  18:16  Overlord  
  156  18:39  Hydralisk x13  
  182  18:45  Drone  
  177  18:50  Roach x4  
  177  18:53  Roach  
  177  18:54  Roach x6  
  195  19:00  Ravager  
  195  19:01  Lurker x4  
  194  19:06  Overseer x3  
  194  19:10  Roach  
  194  19:11  Roach x2  
  194  19:12  Overlord  
  194  19:16  Hatchery  
  199  19:30  Nydus Canal  
  199  19:41  Overlord  
  172  20:03  Roach x14  
  180  20:16  Roach x5  
  180  20:17  Roach x4  
  181  20:28  Overseer x2  
  168  20:29  Hydralisk  
  146  20:45  Hydralisk x3  
  125  21:02  Drone x2  
  121  21:09  Drone x3  
  121  21:10  Hydralisk  
  126  21:23  Hydralisk x3  
  122  21:57  Nydus Canal  
Show
View Real Time Build Order
Export as new Build Order

Lambo Zerg - Winner!

Build Orders: Hatch First 

Get SALT Encoding   

  12  0:01  Drone  
  13  0:13  Overlord  
  13  0:18  Drone  
  14  0:32  Drone x2  
  16  0:50  Hatchery  
  16  0:53  Drone  
  16  0:56  Drone  
  17  1:01  Drone  
  18  1:10  Extractor  
  17  1:15  Spawning Pool  
  16  1:19  Drone  
  16  1:22  Drone  
  18  1:31  Drone  
  19  1:41  Drone  
  20  1:52  Overlord  
  20  2:02  Queen x2  
  20  2:03  Zergling x4  
  26  2:12  Metabolic Boost  
  26  2:14  Drone  
  26  2:15  Drone  
  28  2:23  Drone  
  28  2:25  Drone  
  30  2:41  Hatchery  
  29  2:44  Drone  
  29  2:46  Drone  
  29  2:49  Drone  
  29  2:50  Drone  
  33  2:55  Baneling Nest  
  33  2:57  Drone  
  33  3:02  Overlord  
  33  3:06  Zergling x2  
  34  3:13  Zergling x4  
  36  3:22  Drone x5  
  41  3:27  Drone  
  41  3:32  Overlord  
  42  3:34  Evolution Chamber  
  42  3:36  Drone  
  42  3:39  Baneling  
  41  3:43  Drone  
  41  3:46  Queen  
  51  3:55  Drone x7  
  51  4:00  Extractor  
  51  4:01  Zerg Missile Weapons Level 1, Extractor  
  48  4:05  Drone x2  
  48  4:08  Overlord  
  50  4:17  Drone x3  
  52  4:19  Drone x2  
  52  4:20  Drone  
  56  4:25  Overlord  
  56  4:27  Lair  
  56  4:31  Roach Warren  
  54  4:33  Zergling x2  
  54  4:35  Zergling x4  
  57  4:40  Pneumatized Carapace  
  57  4:41  Drone  
  57  4:44  Drone  
  57  4:45  Drone x2  
  61  4:47  Drone  
  61  4:49  Drone  
  61  4:51  Drone  
  61  4:52  Drone  
  65  4:57  Drone x2  
  65  4:58  Drone x2  
  69  5:04  Drone  
  70  5:11  Overlord, Roach x2  
  70  5:14  Extractor  
  73  5:15  Extractor  
  73  5:17  Extractor  
  71  5:25  Drone x3  
  71  5:26  Glial Reconstitution  
  71  5:27  Overlord, Overseer  
  71  5:28  Overlord  
  74  5:31  Evolution Chamber  
  74  5:33  Drone x3, Hatchery  
  74  5:34  Drone  
  75  5:37  Drone x2  
  75  5:41  Drone x2  
  79  5:43  Drone x3  
  82  5:53  Overlord x2  
  82  5:57  Zerg Missile Weapons Level 2  
  82  5:58  Zerg Ground Armor Level 1  
  82  6:00  Roach x2  
  86  6:04  Roach x2  
  86  6:05  Roach  
  86  6:06  Overlord  
  86  6:10  Roach x2  
  96  6:18  Roach x4  
  104  6:26  Roach x4  
  104  6:29  Queen  
  104  6:31  Drone x3  
  117  6:36  Burrow  
  117  6:37  Drone, Overlord  
  118  6:44  Tunneling Claws  
  118  6:45  Baneling x4  
  118  6:46  Roach x3  
  124  6:54  Roach x2  
  124  6:57  Drone x3  
  124  6:59  Overlord  
  131  7:06  Overlord  
  131  7:10  Roach  
  131  7:11  Overlord, Roach  
  131  7:12  Overseer  
  131  7:13  Baneling x4  
  131  7:14  Overlord  
  135  7:17  Overlord  
  135  7:23  Roach x4  
  135  7:28  Roach x4  
  151  7:34  Drone  
  151  7:35  Drone  
  151  7:38  Roach x5  
  151  7:40  Ravager x4  
  165  7:46  Roach x2  
  165  7:47  Roach x3  
  175  7:53  Overlord  
  175  7:54  Overlord  
  175  8:00  Overlord x2, Zerg Ground Armor Level 2  
  175  8:02  Hydralisk Den  
  175  8:04  Extractor  
  173  8:15  Roach x2  
  173  8:19  Roach  
  173  8:20  Roach  
  173  8:22  Roach x12  
  195  8:34  Roach x4  
  195  8:36  Roach x2  
  199  8:44  Roach x2  
  199  8:45  Overlord  
  199  8:47  Ravager  
  199  8:48  Overlord  
  200  8:52  Overlord  
  200  8:54  Roach  
  200  8:57  Overlord, Roach  
  200  9:00  Extractor  
  199  9:04  Overlord  
  197  9:11  Overlord  
  197  9:14  Roach x2  
  195  9:19  Roach x8  
  195  9:20  Roach  
  195  9:21  Roach x4  
  195  9:22  Roach  
  179  9:24  Roach x2  
  179  9:30  Roach x6  
  158  9:35  Roach x3  
  158  9:36  Roach  
  158  9:37  Roach x3  
  163  9:41  Ravager x6  
  163  9:42  Overseer, Roach x28  
  169  9:46  Roach x2  
  173  9:53  Hatchery  
  173  9:54  Roach x3  
  173  9:59  Grooved Spines  
  174  10:00  Roach  
  174  10:01  Roach x3  
  174  10:02  Drone, Infestation Pit  
  180  10:10  Overlord  
  180  10:12  Roach x10  
  200  10:14  Roach x18  
  200  10:25  Overlord  
  200  10:34  Overlord  
  200  10:48  Hive  
  188  10:51  Lurker Den  
  188  10:54  Ravager x3  
  188  10:56  Roach x6  
  200  11:08  Overlord  
  200  11:10  Overlord  
  200  11:13  Overlord  
  200  11:37  Spine Crawler  
  200  11:39  Spine Crawler, Roach x5  
  184  12:01  Viper x4  
  196  12:10  Zerg Missile Weapons Level 3  
  196  12:12  Muscular Augments  
  190  12:39  Hydralisk x5  
  200  12:50  Hydralisk x4  
  196  13:07  Hydralisk x3  
  196  13:10  Zerg Ground Armor Level 3  
  197  13:16  Overseer x3  
  197  13:18  Adaptive Talons  
  197  13:23  Spine Crawler x2  
  195  13:29  Hydralisk x2  
  195  13:33  Extractor x2  
  191  13:47  Hydralisk x3  
  191  13:48  Hydralisk  
  195  13:59  Roach x6  
  197  14:09  Roach x3  
  198  14:15  Drone x6  
  184  14:27  Drone x3  
  184  14:28  Drone x4  
  184  14:29  Drone x2  
  191  14:35  Roach x15  
  191  14:40  Roach  
  191  14:41  Hydralisk x4  
  191  14:45  Spine Crawler x2  
  197  14:46  Spine Crawler x2  
  197  14:50  Spine Crawler  
  194  14:58  Hatchery  
  193  15:07  Viper x2  
  193  15:09  Overseer  
  199  15:14  Spine Crawler  
  199  15:15  Spine Crawler  
  197  15:42  Overlord x2  
  186  15:43  Overlord  
  186  15:46  Overseer  
  183  15:54  Overseer  
  183  16:12  Roach x12  
  183  16:13  Lurker x3  
  183  16:14  Extractor, Lurker x3  
  183  16:16  Spine Crawler  
  187  16:20  Spine Crawler  
  182  16:28  Hydralisk x10  
  198  16:52  Overlord x3  
  196  17:10  Hydralisk x2  
  196  17:11  Hydralisk  
  196  17:20  Hydralisk x4, Roach x8  
  200  17:25  Viper x2  
  178  17:41  Viper  
  178  17:42  Viper  
  170  17:51  Lurker x2  
  170  17:52  Lurker x4  
  170  17:54  Roach x13  
  200  18:06  Zerg Melee Weapons Level 1, Overseer x3  
  200  18:07  Overlord  
  200  18:10  Hatchery  
  199  18:24  Hydralisk x9  
  198  18:29  Hydralisk x8  
  188  18:45  Hydralisk x6  
  200  19:06  Overseer  
  200  19:19  Overlord x2  
  200  19:20  Overlord  
  200  19:22  Hatchery  
  200  19:23  Hatchery  
  196  19:58  Hydralisk x9  
  196  19:59  Viper  
  196  20:06  Overlord  
  189  20:08  Viper x2  
  189  20:09  Viper x2  
  189  20:11  Hydralisk x3  
  189  20:12  Hydralisk  
  197  20:17  Hydralisk x3  
  199  20:22  Hydralisk x4  
  199  20:28  Hydralisk x6  
  184  20:34  Hydralisk x7  
  174  20:43  Hydralisk x3  
  174  20:44  Hydralisk  
  174  20:47  Hydralisk  
  148  20:51  Hydralisk  
  148  20:52  Hatchery  
  148  20:55  Hydralisk x3  
  149  20:59  Roach x3  
  149  21:03  Lurker x3  
  149  21:04  Lurker x2  
  160  21:07  Hydralisk x2  
  160  21:08  Hydralisk x2  
  168  21:18  Overlord  
  168  21:19  Overlord x3  
  168  21:24  Overseer  
  168  21:25  Extractor, Hatchery  
  167  21:31  Lurker x2  
  168  21:34  Overlord  
  168  21:43  Hydralisk  
  168  21:44  Roach  
  168  21:45  Roach x8  
  185  21:49  Roach x3  
Tags
 
Add a new tag
Caveats
  • Supply blocks, unpowered buildings, or Contaminate may cause inaccurate times.
  • Supply counts are checked every 10 seconds.